 Dungeon Crawl Stone Soup version 0.28-a0-821-g923ab73998 (webtiles) character file.

Game seed: 143818418315296840

1512 Fenrisus the Conjurer (level 8, 31/31 HPs)
             Began as a Felid Conjurer on Nov 9, 2021.
             Was an Initiate of Gozag.
             Quit the game on level 4 of the Dungeon.
             The game lasted 01:31:13 (9880 turns).

Fenrisus the Conjurer (Felid Conjurer)              Turns: 9880, Time: 01:31:14

Health: 31/31      AC:  2    Str:  6    XL:     8   Next: 53%
Magic:  18/18      EV: 19    Int: 21    God:    Gozag
Gold:   494        SH:  0    Dex: 18    Spells: 7/19 levels left
                                        Lives:  1   Deaths: 1

rFire   . . .      SeeInvis +   (weapon unavailable)
rCold   . . .      Faith    .   (shield unavailable)
rNeg    . . .      Spirit   .   (armour unavailable)
rPois   .          Reflect  .   (helmet unavailable)
rElec   .          Harm     .   (cloak unavailable)
rCorr   .          Rampage  .   (gloves unavailable)
Will    +....                   (boots unavailable)
Stlth   +++.......              c - amulet of regeneration
HPRegen 1.10/turn               b - ring of protection from cold
MPRegen 0.16/turn               a - ring of the Hero {Fly rC- Str+3 Dex+3}

@: flying, quick
A: very small, claws 1, fangs 3, see invisible, speed 1, shaggy fur 2, stealthy
paws, no weapons or thrown items, no armour, multi-lived
a: Renounce Religion, Potion Petition, Call Merchant, Bribe Branch


You were on level 4 of the Dungeon.
You worshipped Gozag.
Gozag was aware of your devotion.
You visited 2 branches of the dungeon, and saw 7 of its levels.

You collected 529 gold pieces.
You paid 35 gold pieces to Gozag.

Inventory:

Armour
 d - the +3 robe "Ohumug" {rN++}
   (You found it on level 4 of the Dungeon)

   rN:        It greatly protects you from negative energy.
Jewellery
 a - the ring of the Hero (right paw) {Fly rC- Str+3 Dex+3}
   (You acquired it on level 4 of the Dungeon)

   [ring of flight]

   Str:       It affects your strength (+3).
   Dex:       It affects your dexterity (+3).
   rC:        It makes you vulnerable to cold.
   Fly:       It grants you flight.
 b - a ring of protection from cold (left paw)
 c - an amulet of regeneration (around neck)
 k - a ring of protection from fire
Wands
 f - a wand of mindburst (8)
Scrolls
 g - 2 scrolls of teleportation
 h - a scroll of noise {unknown}
 i - 2 scrolls of enchant armour {unknown}
 l - a scroll of identify
 m - a scroll of magic mapping
Potions
 e - a potion of lignification
 j - a potion of berserk rage {unknown}
 n - a potion of heal wounds {unknown}


   Skills:
 + Level 5.0 Dodging
 + Level 3.4 Stealth
 - Level 0.8 Unarmed Combat
 + Level 6.4 Spellcasting
 * Level 6.5 Conjurations
 + Level 2.4 Hexes
 * Level 4.5 Summonings
 - Level 1.2 Air Magic


You had 7 spell levels left.
You knew the following spells:

 Your Spells              Type           Power      Damage    Failure   Level
a - Magic Dart            Conj           100%       1d8       1%          1
b - Shock                 Conj/Air       92%        1d8       1%          1
c - Summon Small Mammal   Summ           100%       N/A       1%          1
d - Blink                 Tloc           12%        N/A       14%         2
e - Summon Guardian Gole  Hex/Summ       21%        N/A       7%          3
f - Fulminant Prism       Conj/Hex       12%        3d9       14%         4

Your spell library contained the following spells:

 Spells                   Type           Power      Damage    Failure   Level
 Searing Ray              Conj           68%        2d6       1%          2
 Call Canine Familiar     Summ           25%        N/A       4%          3
 Dazzling Flash           Conj/Hex       50%        N/A       4%          3
 Swiftness                Air            12%        N/A       17%         3
 Iskenderun's Mystic Bla  Conj/Tloc      20%        2d6       24%         4
 Frozen Ramparts          Ice            12%        1d3       28%         3
 Lesser Beckoning         Tloc           6%         N/A       28%         3
 Summon Ice Beast         Ice/Summ       16%        N/A       36%         4
 Airstrike                Air            6%         N/A       50%         4
 Leda's Liquefaction      Hex/Erth       5%         N/A       50%         4
 Ice Form                 Ice/Tmut       6%         N/A       67%         4
 Manifold Assault         Tloc           6%         N/A       95%         5
 Portal Projectile        Hex/Tloc       Unusable   N/A       N/A         3

Dungeon Overview and Level Annotations

Branches:
Dungeon (6/15)             Temple (1/1) D:4

Altars:
Ashenzari
Cheibriados
Dithmenos
Elyvilon
Fedhas
Gozag
Hepliaklqana
Kikubaaqudgha
Makhleb
Nemelex Xobeh
Okawaru
Qazlal
Ru
Sif Muna
Trog
Uskayaw
Vehumet
Wu Jian
Xom
Yredelemnul
Zin
The Shining One

Shops:
D:1 !!*   D:5 *

Annotations:
D:3 1 runed translucent door, Crazy Yiuf, Sigmund


Innate Abilities, Weirdness & Mutations

You have sharp claws.
You have razor-sharp teeth.
You have supernaturally acute eyesight. (SInv)
You cover ground quickly. (Speed+)
You are covered in thick fur. (AC +2)
Your paws help you pounce on unaware monsters.
You are incapable of wielding weapons or throwing items.
You cannot wear armour.
You gain extra lives every three experience levels.


Message History

Casting: Fulminant Prism (extremely dangerous; 14% risk of failure)
Confirm with . or Enter, or press ? or * to list all spells.
You don't know that spell.
Casting: Fulminant Prism (extremely dangerous; 14% risk of failure)
Confirm with . or Enter, or press ? or * to list all spells.
The spell is extremely dangerous to cast (14% risk of failure)!
Continue anyway?
Aiming: Fulminant Prism (extremely dangerous; 14% risk of failure)
Press: ? - help, Dir - move target You conjure a prism of explosive energy!
A fulminant prism comes into view.
Your fulminant prism crackles loudly.
Your fulminant prism explodes!
The blast of energy engulfs the orc warrior!
The orc warrior is moderately wounded.
You hear a shout!
Your magical contamination has completely faded away.
Casting: Fulminant Prism (extremely dangerous; 14% risk of failure)
Confirm with . or Enter, or press ? or * to list all spells.
Aiming: Magic Dart (safe; 1% risk of failure)
Press: ? - help, Shift-Dir - straight line, f - orc warrior
Aim: an orc warrior, wielding a +0 battleaxe and wearing a +0 chain mail (moderately wounded, 100% to hit)
The magic dart hits the orc warrior.
The orc warrior is moderately wounded.
The orc priest mumbles some strange prayers to Beogh against you.
Beogh smites you!
There is a stone staircase leading down here.
You fly downwards.
There is a stone staircase leading up here.
You start resting.
HP restored.
You start resting.
Magic restored.
Unknown command.
Saving game... please wait.
Welcome back, Fenrisus the Felid Conjurer.
Gozag says: Greed is good.
Press ? for a list of commands and other information.
Unknown command.
Unknown command.
Are you sure you want to abandon this character and quit the game? (Confirm with "yes".)

#......#######..#.........
#......'..# #............
#......##.# ##...........
#......##.# #...........
#......##.# ##..##.#....
#.#######.# #..##.#....
#.# #.# #.>......#. #.#
#.######.###.(.... #.#
###@#......# #....#. #.#
#...#.########...... #.#
#.###.# #....#### #.# #.#
#.# #........ #.# #.# #.#
#..#...#. #.# #.# #.#
#..#..... #.# #.# #.#
#.##.#.#. #.#####.###.# #.
#..... #.....<.....#
#..#..#..


There were no monsters in sight!

Vanquished Creatures
  A centaur zombie (D:6)
  Grinder (D:5)
  A steam dragon (D:6)
  Edmund (D:6)
  A sky beast (D:4)
  An ogre (D:5)
  A bullfrog (D:4)
  A scorpion (D:4)
  A water moccasin zombie (D:3)
  A water moccasin skeleton (D:5)
  A howler monkey (D:4)
  2 hounds
  Terence (D:1)
  2 iguanas
  A gnoll (D:1)
  3 adders
  2 river rats (D:3)
  A white imp (D:5)
  3 worms
  A dart slug (D:4)
  6 orcs
  4 ball pythons
  5 endoplasms
  5 giant cockroaches
  6 hobgoblins
  3 jackals (D:4)
  2 quokkas (D:2)
  7 bats
  4 frilled lizards
  8 goblins
  6 kobolds
  3 rats
86 creatures vanquished.

Vanquished Creatures (collateral kills)
  A centaur zombie (D:6)
  2 hounds (D:5)
  A hound zombie (D:5)
  An adder (D:6)
  A howler monkey skeleton (D:6)
  2 giant cockroaches (D:3)
  A rat (D:3)
9 creatures vanquished.

Vanquished Creatures (others)
  An ice beast (D:5)
  15 fulminant prisms
16 creatures vanquished.

Grand Total: 111 creatures vanquished

Notes
Turn   | Place    | Note
-------+----------+-------------------------------------------
     0 | D:1      | Fenrisus the Felid Conjurer began the quest for the Orb.
     0 | D:1      | Reached XP level 1. HP: 7/7 MP: 4/4
   239 | D:1      | Found Afoesan's Distillery.
   386 | D:1      | Found Zauhapeh's Assorted Antiques.
   465 | D:1      | Reached XP level 2. HP: 11/11 MP: 0/6
   931 | D:1      | Found a faded altar of an unknown god.
  1266 | D:1      | Found Muosesh's Distillery.
  1646 | D:2      | Reached XP level 3. HP: 14/14 MP: 4/7
  2000 | D:3      | Noticed Sigmund
  2096 | D:2      | Learned a level 1 spell: Shock
  2685 | D:3      | Noticed an orc warrior
  2866 | D:3      | Noticed Terence
  3078 | D:3      | Identified a scroll of acquirement
  3078 | D:3      | Acquired a book of Callings
  3092 | D:3      | Learned a level 1 spell: Summon Small Mammal
  3901 | D:1      | Killed Terence
  3902 | D:1      | Reached XP level 4. HP: 15/18 MP: 0/9
  4152 | D:3      | Found a runed translucent door.
  4153 | D:3      | Noticed Crazy Yiuf
  4516 | D:3      | Reached XP level 5. HP: 21/21 MP: 7/11
  4526 | D:3      | Found an iron altar of Okawaru.
  4652 | D:3      | Reached skill level 1 in Summonings
  5374 | D:4      | Gained mutation: You are covered in thick fur. (AC +2)
                  | [Felid growth]
  5374 | D:4      | Reached XP level 6. HP: 24/24 MP: 5/13
  5515 | D:4      | Acquired the ring of the Hero {Fly rC- Str+3 Dex+3}
  5726 | D:4      | Found a staircase to the Ecumenical Temple.
  5731 | Temple   | Entered the Ecumenical Temple
  5753 | Temple   | Became a worshipper of Gozag Ym Sagoz the Greedy
  5836 | D:4      | Identified the +3 robe "Ohumug" {rN++}
  6774 | D:5      | Entered Level 5 of the Dungeon
  6774 | D:5      | Found Xuhag's Lightly-Used Armoury.
  6817 | D:5      | Reached skill level 5 in Conjurations
  6873 | D:5      | Learned a level 2 spell: Blink
  7027 | D:5      | Slain by an ogre
  7028 | D:5      | Reached XP level 5. HP: 0/21 MP: 8/12
  7033 | D:5      | Killed an ogre
  7034 | D:5      | Reached skill level 1 in Air Magic
  7034 | D:5      | Reached XP level 6. HP: 24/24 MP: 13/13
  7691 | D:5      | Noticed a sky beast
  7836 | D:4      | Killed a sky beast
  7837 | D:4      | Reached skill level 5 in Spellcasting
  7837 | D:4      | Reached XP level 7. HP: 27/27 MP: 7/15
  7920 | D:5      | Noticed Grinder
  7966 | D:5      | Learned a level 3 spell: Summon Guardian Golem
  8372 | D:6      | Reached skill level 1 in Hexes
  8372 | D:6      | Reached XP level 8. HP: 28/31 MP: 0/17
  8688 | D:6      | Noticed Edmund
  8702 | D:6      | Killed Edmund
  8884 | D:6      | Learned a level 4 spell: Fulminant Prism
  9202 | D:5      | Killed Grinder
  9203 | D:5      | Reached skill level 5 in Dodging
  9880 | D:4      | Quit the game

Illustrated notes

Levels and vault maps discovered:
D:1:      heliophobic_arrival_ceremonial_halls, layout_loops_ring,
          hellmonk_ecumenical_altar_run_dry, serial_shops, shop, shop_fountains,
          shop, serial_glass, glass_columns_b, glass_columns_a, glass_columns_a,
          glass_columns_a
D:2:      layout_basic
D:3:      layout_basic, okawaru_metal_pillars_1_2, lightli_sewer_entry_pipes,
          minmay_quadrilaterals, uniq_crazy_yiuf_cottage, uniq_sigmund,
          uniq_terence
D:4:      layout_basic, temple_doors_ab, minmay_misc_feat_rows,
          hangedman_decor_lopped, nicolae_underground_beach
D:5:      layout_layer_cave, minivault_1, minmay_shop_damaged, uniq_grinder
D:6:      layout_layer_cave, uniq_edmund
Temple:   compressed_dpeg_circular_temple

Skill      XL: |  1  2  3  4  5  6  7  8 |
---------------+-------------------------+-----
Conjurations   | 4 6 |  6.5
Dodging        | 3 4 5 |  5.0
Spellcasting   | 3 4 5 6 |  6.4
Summonings     | 1 2 3 4 |  4.5
Stealth        | 3 |  3.4
Air Magic      | 1 |  1.2
Hexes          | 1 2 |  2.4
Unarmed Combat | |  0.8

Action                   |  1- 3 |  4- 6 |  7- 9 || total
-------------------------+-------+-------+-------++-------
Melee: Unarmed           |    16 |    12 |    23 ||    51
       Bite              |       |     1 |     3 ||     4
 Cast: Magic Dart        |    84 |   101 |    46 ||   231
       Shock             |    30 |    58 |     1 ||    89
       Summon Small Mamm |    22 |    39 |    15 ||    76
       Blink             |       |     1 |     1 ||     2
       Summon Guardian G |       |       |    15 ||    15
       Fulminant Prism   |       |       |    15 ||    15
Evoke: Wand              |       |     3 |       ||     3
  Use: Scroll            |     7 |     2 |       ||     9
       Potion            |     1 |       |       ||     1
Armor: Skin              |     6 |     7 |    17 ||    30
Dodge: Dodged            |    59 |   100 |    54 ||   213

Table legend: (Time is in decaauts)
 A = Elapsed time spent in this place.
 B = Non-inter-level travel time spent in this place.
 C = Inter-level travel time spent in this place.
 D = Time resting spent in this place.
 E = Time spent auto-exploring this place.
 F = Levels seen in this place.
 G = Mean time per level.
                   A        B        C        D        E       F      G
               +--------+--------+--------+--------+--------+-----+--------+
         Total |   8747 |   4886 |   3861 |   3270 |      0 |   7 | 1249.6 |
       Dungeon |   8669 |   4883 |   3786 |   3270 |      0 |   6 | 1444.8 |
        Temple |     78 |      3 |     75 |      0 |      0 |   1 |   78.0 |
               +--------+--------+--------+--------+--------+-----+--------+

Top non-repeatable levels by time:
     D:2: 2166 daAuts
     D:4: 1737 daAuts
     D:1: 1567 daAuts
     D:5: 1300 daAuts
     D:3: 1094 daAuts
     D:6: 804 daAuts
  Temple: 78 daAuts
